 Dungeon Crawl Stone Soup version 0.30-a0-335-ge5acde7520 (webtiles) character file.

Game seed: 8146742509917091783

42 Harunobu the Trooper (level 3, -1/24 HPs)
             Began as a Gargoyle Monk on Oct 30, 2022.
             Frozen to death by an endoplasm (2 damage)
             ... on level 1 of the Dungeon.
             The game lasted 00:01:22 (1110 turns).

Harunobu the Trooper (Gargoyle Monk)                Turns: 1110, Time: 00:01:23

Health: -1/24      AC: 13    Str: 16    XL:     3   Next: 56%
Magic:  3/3        EV:  5    Int: 10    God:
Gold:   62         SH:  0    Dex: 12    Spells: 2/2 levels left

rFire   . . .      SeeInvis .    a - +0 mace
rCold   . . .      Faith    .    (no shield)
rNeg    + . .      Spirit   .    g - +0 plate armour
rPois   ∞          Reflect  .    (no helmet)
rElec   +          Harm     .    (no cloak)
rCorr   .          Rampage  .    (no gloves)
Will    .....                    (no boots)
Stlth   ..........               (no amulet)
HPRegen 0.24/turn                (no ring)
MPRegen 0.08/turn                (no ring)

@: no status effects
A: sickness immunity, AC +3, negative energy resistance 1, electricity
resistance, torment resistance 1, petrification resistance
a: no special abilities


You were on level 1 of the Dungeon.
You visited 1 branch of the dungeon, and saw 2 of its levels.

You collected 62 gold pieces.

Inventory:

Hand Weapons
 a - a +0 mace (weapon)
Armour
 b - a +0 robe
 g - a +0 plate armour (worn)
Jewellery
 f - a ring of willpower
Scrolls
 d - 2 scrolls of teleportation {unknown}
 i - 2 scrolls of immolation {unknown}
 j - a scroll of blinking {unknown}
 k - a scroll of acquirement {unknown}
 m - 2 scrolls of brand weapon {unknown}
 n - a scroll of fear {unknown}
Potions
 c - a potion of ambrosia
 e - a potion of curing {unknown}
 h - a potion of degeneration {unknown}
 l - a potion of cancellation {unknown}


   Skills:
 + Level 3.9 Fighting
 - Level 3.0 Maces & Flails
 + Level 2.9 Dodging
 + Level 3.1 Stealth


You had 2 spell levels left.
You didn't know any spells.
Your spell library was empty.

Dungeon Overview and Level Annotations

Branches:
Dungeon (2/15)

Altars:


Innate Abilities, Weirdness & Mutations

You are immune to sickness and miasma.
Your stone body is resilient. (AC +3)
You are immune to poison.
You resist negative energy. (rN+)
You are resistant to electric shocks. (rElec)
You are resistant to unholy torment.
You are immune to petrification.


Message History

The endoplasm hits you but does no damage.
The orc wizard casts a spell at you.
The puff of flame hits you but does no damage.
There is a stone staircase leading up here.
The giant cockroach bites you but does no damage.
The orc wizard points at you and mumbles some strange words.
The magic dart hits you but does no damage.
The worm barely misses you. The endoplasm freezes you.
You are frozen.
The giant cockroach bites you.
You climb upwards.
There is a stone staircase leading down here.
You see here a +0 dagger.
You hit the worm.
The worm is moderately wounded.
The giant cockroach bites you but does no damage.
The endoplasm completely misses you.
You thump the worm!
The worm is severely wounded.
The giant cockroach completely misses you.
The endoplasm freezes you.
You are frozen.
The worm bites you. The giant cockroach bites you.
You hit the worm.
The worm is almost dead.
The endoplasm freezes you.
You are frozen.
The giant cockroach bites you.
* * * LOW HITPOINT WARNING * * *
The worm bites you.
* * * LOW HITPOINT WARNING * * *
You completely miss the giant cockroach.
The giant cockroach bites you but does no damage.
The endoplasm hits you but does no damage.
The giant cockroach barely misses you.
The endoplasm hits you but does no damage.
The worm bites you but does no damage.
You sock the giant cockroach!
You kill the giant cockroach!
The endoplasm freezes you.
You are frozen.
You die...

#####..'......>.# #..# ###
#.##..†.....# ##.## ..#
#.#.........# #..#
#'###+#.##....#####.##########
'.....+.##.##.# #............#
#######.##.##.# #.#..........#
...'.......##.###.#..........#
#+###+#.#####.##.)#..........#
#.....#.#####...@#############
#.....###.......Jw#
#..><.#...........#
#.....###.........#
'.....'.#.........#
#######.#...).....#
...+....'.######'##
#######.##### #.#
'.....+.#...# #.#


You could see a worm and an endoplasm.

Vanquished Creatures
  A gnoll (D:1)
  2 orcs (D:1)
  A ball python (D:1)
  A bat (D:1)
  3 endoplasms (D:1)
  4 giant cockroaches (D:1)
  A goblin (D:1)
  3 hobgoblins (D:1)
  3 jackals (D:1)
  2 kobolds (D:1)
  2 quokkas (D:1)
  4 rats (D:1)
27 creatures vanquished.

Notes
Turn   | Place    | Note
-------+----------+-------------------------------------------
     0 | D:1      | Harunobu the Gargoyle Monk began the quest for the Orb.
     0 | D:1      | Reached XP level 1. HP: 14/14 MP: 1/1
    52 | D:1      | Reached XP level 2. HP: 12/19 MP: 2/2
   453 | D:1      | Reached XP level 3. HP: 24/24 MP: 3/3
   525 | D:1      | Found a faded altar of an unknown god.
  1108 | D:1      | HP: 1/24 [worm (6)]
  1110 | D:1      | Frozen to death by an endoplasm

Illustrated notes

Levels and vault maps discovered:
D:1:      shiori_arrival_maze, layout_basic, ebering_ecumenical_altar_abandoned,
          minmay_worlds_worst_comb
D:2:      layout_basic

Skill      XL: |  1  2  3 |
---------------+----------+-----
Stealth        | 3 |  3.1
Fighting       | |  3.9
Maces & Flails | |  3.0
Dodging        | |  2.9

Action                   || total
-------------------------++-------
Melee: Mace              ||    74
       Punch             ||     1
 Stab: Sleeping          ||     3
Armor: Plate armour      ||    56
       Robe              ||     4
Dodge: Dodged            ||    36

Table legend: (Time is in decaauts)
 A = Elapsed time spent in this place.
 B = Non-inter-level travel time spent in this place.
 C = Inter-level travel time spent in this place.
 D = Time resting spent in this place.
 E = Time spent auto-exploring this place.
 F = Levels seen in this place.
 G = Mean time per level.
                   A        B        C        D        E       F      G
               +--------+--------+--------+--------+--------+-----+--------+
         Total |   1131 |   1080 |     51 |    251 |    588 |   2 |  565.5 |
       Dungeon |   1131 |   1080 |     51 |    251 |    588 |   2 |  565.5 |
               +--------+--------+--------+--------+--------+-----+--------+

Top non-repeatable levels by time:
     D:1: 1120 daAuts
     D:2: 10 daAuts
